 Dungeon Crawl Stone Soup version 0.30-a0-585-g93115170b9 (webtiles) character file.

Game seed: 7658248914954652747

4306 MacCMillion the Transmogrifier (level 10, 0/81 HPs)
             Began as an Octopode Transmuter on Jan 2, 2023.
             Was a Believer of the Shining One.
             Slain by an orc warlord
             ... wielding a +9 battleaxe
              (19 damage)
             ... in a bailey.
             The game lasted 00:31:25 (8823 turns).

MacCMillion the Transmogrifier (OpTm)               Turns: 8823, Time: 00:31:26

Health: 0/81       AC:  7    Str: 10    XL:     10   Next: 32%
Magic:  8/13       EV: 17    Int: 19    God:    the Shining One [**....]
Gold:   350        SH:  0    Dex: 13    Spells: 3/13 levels left

rFire   . . .      SeeInvis .      - Unarmed
rCold   + + +      Faith    .    (shield currently unavailable)
rNeg    + . .      Spirit   .    (helmet currently unavailable)
rPois   +          Reflect  .    (no amulet)
rElec   .          Harm     .    h - ring of protection from fire
rCorr   .          Rampage  .    o - ring of wizardry
Will    .....                    s - +5 ring of evasion
Stlth   +                        (no ring)
HPRegen 0.33/turn                (no ring)
MPRegen 0.13/turn                (no ring)
                                 (no ring)
                                 (no ring)

@: ice-form, glowing
A: freezing attack, boosted hp, almost no armour, amphibious, 8 rings, large,
(camouflage 1), (gelatinous body 1), (nimble swimmer 1), (tentacles)
a: End Transformation, Renounce Religion, Divine Shield


You were in a bailey.
You worshipped the Shining One.
The Shining One was pleased with you.
You were a creature of crystalline ice.
You visited 1 branch of the dungeon, and saw 8 of its levels.
You also visited: Bailey.

You collected 350 gold pieces.

Inventory:

Missiles
 c - 4 poisoned darts
 d - a throwing net
Jewellery
 h - a ring of protection from fire (left front paw)
 o - a ring of wizardry (right front paw)
 s - a +5 ring of evasion (on tentacle)
 w - an amulet of the acrobat
 y - a ring of protection from fire
 B - a +6 ring of intelligence
Wands
 i - a wand of charming (5)
 t - a wand of acid (4)
Scrolls
 b - a scroll of identify
 g - a scroll of immolation
 k - a scroll of enchant armour
 l - a scroll of poison
 m - a scroll of fear {unknown}
 n - 2 scrolls of noise
 p - a scroll of fog {unknown}
 q - a scroll of enchant weapon {unknown}
 D - a scroll of teleportation {unknown}
Potions
 a - 4 potions of lignification
 e - 3 potions of might
 j - 2 potions of heal wounds
 r - 3 potions of degeneration {unknown}
 u - 2 potions of magic {unknown}
 v - a potion of haste
 x - a potion of ambrosia {unknown}
 z - 2 potions of flight {unknown}
 A - a potion of attraction {unknown}
 C - a potion of resistance {unknown}
 E - 2 potions of cancellation {unknown}
 F - 2 potions of mutation {unknown}


   Skills:
 - Level 6.1 Fighting
 - Level 6.1 Dodging
 - Level 2.4 Stealth
 - Level 6.8 Unarmed Combat
 - Level 2.0 Spellcasting
 + Level 4.5 Conjurations
 * Level 8.6 Transmutations
 - Level 3.0 Ice Magic


You had 3 spell levels left.
You knew the following spells:

 Your Spells              Type           Power      Damage    Failure   Level
a - Beastly Appendage     Tmut           68%        N/A       1%          1
b - Ice Form              Ice/Tmut       24%        N/A       6%          4
c - Irradiate             Conj/Tmut      13%        3d16      12%         5

Your spell library contained the following spells:

 Spells                   Type           Power      Damage    Failure   Level
 Wereblood                Tmut           34%        N/A       1%          2
 Spider Form              Tmut/Pois      18%        N/A       3%          3
 Summon Small Mammal      Summ           4%         N/A       7%          1
 Sublimation of Blood     Necr           1%         N/A       11%         2
 Call Canine Familiar     Summ           1%         N/A       21%         3
 Inner Flame              Hex/Fire       1%         N/A       21%         3
 Summon Guardian Golem    Hex/Summ       1%         N/A       21%         3
 Petrify                  Tmut/Erth      18%        N/A       12%         4
 Cause Fear               Hex            0%         N/A       52%         4
 Discord                  Hex            0%         N/A       100%        8


Dungeon Overview and Level Annotations

Branches:
Dungeon (8/15)             Temple (0/1) D:7          Bailey (1/1)
   Lair: D:8-11

Altars:
Makhleb
Xom
Zin
The Shining One

Annotations:
D:3 2 transporters, capka3m's ghost, amateur DsCK


Innate Abilities, Weirdness & Mutations

You are a creature of crystalline ice.
You have a powerful freezing melee attack.
Your maximum health is increased.
Your armour is entirely melded.
You are incapable of wielding weapons or throwing items.
You cannot wear most types of armour.
You are amphibious.
You can wear up to eight rings at the same time.
((Your skin changes colour to match your surroundings (Stealth+).))
((Your rubbery body absorbs attacks. (AC +1, EV +1)))
((You are camouflaged when in or above water. (Stealth+)))
((You have tentacles for arms and can constrict up to eight enemies at once.))


Message History

The orc warlord roars a battlecry!
The orc goes into a battle-frenzy!
You pummel the orc!! You freeze the orc.
You kill the orc!
You warm up again.
Aiming: Corrosive Bolt
Press: ? - help, Shift-Dir - straight line, f - orc warlord
Aim: an orc warlord, wielding a +9 battleaxe and wearing a +0 plate armour (severely wounded, poisoned, 83% to hit)
Okay, then.
Unknown command.
As you read the scroll labelled UNOCOE KOTTID, it crumbles to dust.
It is a scroll of enchant armour.
You aren't carrying any armour which can be enchanted further.
There is an open door, spattered with blood here.
Items here: )))))))))))) [[[[[[[[[[[[ ÷÷÷÷÷÷÷ †††.
Items here: )) [[ †.
Aiming: Corrosive Bolt
Press: ? - help, Shift-Dir - straight line, f - orc warlord
Aim: an orc warlord, wielding a +9 battleaxe and wearing a +0 plate armour (severely wounded, poisoned, haloed, 88% to hit)
The bolt of acid hits the orc warlord but does no damage.
The orc warlord is severely wounded.
Casting: Ice Form (dangerous; 6% risk of failure)
Confirm with . or Enter, or press ? or * to list all spells.
You turn into a creature of crystalline ice.
You punch the orc warlord! You freeze the orc warlord.
The orc warlord is almost dead.
Unknown command.
You hit the orc warlord but do no damage.
The orc warlord is almost dead.
The orc warlord barely misses you.
Unknown command.
You punch the orc warlord! You freeze the orc warlord.
The orc warlord is almost dead.
The orc warlord hits you with a +9 battleaxe!
* * * LOW HITPOINT WARNING * * *
Unknown command.
You hit the orc warlord. You freeze the orc warlord.
The orc warlord is almost dead.
The orc warlord hits you with a +9 battleaxe!!
You die...

### ### ###.### ###.###
###.....### ###.....##
##.........###.........
#...........#..........
#..........))..........
#.....⌠....)#.....)....
#.....Yo....#..........
#...........#..o.......
###.........###.........
###.#'#.....###
###.....#)
###.....###.### ###.###.
##.........###.. ###...
#..........8##.. #....
#.)........8#.. #....
#∩....⌠.....'o. #...o


You could see an orc warlord (poisoned).

Vanquished Creatures
  An orc knight (Bailey)
  A water moccasin (D:6)
  Duvessa (D:7)
  A black bear (D:6)
  11 orc warriors
  A sky beast (D:7)
  An ogre (D:4)
  3 centaurs
  A phantom (D:5)
  2 bullfrogs
  A necrophage (D:6)
  A gnoll sergeant (D:7)
  2 scorpions
  4 wights (D:6)
  Dowan (D:7)
  6 killer bees (D:7)
  2 howler monkeys (D:8)
  A jelly (D:7)
  5 orc priests
  4 hounds
  2 gnoll boudas
  4 iguanas
  7 orc wizards
  25 gnolls
  7 adders
  A white imp (D:7)
  2 ufetubi
  4 worms
  2 dart slugs (D:2)
  34 orcs
  6 ball pythons
  4 bats
  12 endoplasms
  5 giant cockroaches
  22 goblins
  19 hobgoblins
  10 kobolds
  4 quokkas
  6 frilled lizards
  4 rats
230 creatures vanquished.

Vanquished Creatures (others)
  6 plants (D:3)
6 creatures vanquished.

Grand Total: 236 creatures vanquished

Notes
Turn   | Place    | Note
-------+----------+-------------------------------------------
     0 | D:1      | MacCMillion the Octopode Transmuter began the quest for the
                  | Orb.
     0 | D:1      | Reached XP level 1. HP: 13/13 MP: 3/3
   292 | D:1      | Reached XP level 2. HP: 16/18 MP: 3/5
   296 | D:1      | Reached skill level 1 in Stealth
   916 | D:1      | Reached XP level 3. HP: 23/24 MP: 4/6
  1354 | D:2      | Reached skill level 1 in Ice Magic
  1410 | D:2      | HP: 1/24 [frozen (2)]
  1416 | D:2      | Reached skill level 3 in Transmutations
  1416 | D:2      | Reached XP level 4. HP: 11/29 MP: 5/7
  1496 | D:1      | Learned a level 4 spell: Ice Form
  1941 | D:2      | Found a faded altar of an unknown god.
  1972 | D:2      | Found a glowing golden altar of the Shining One.
  1980 | D:2      | Became a worshipper of the Shining One
  2473 | D:3      | Noticed a scorpion
  2481 | D:3      | Killed a scorpion
  2482 | D:3      | Reached XP level 5. HP: 13/34 MP: 8/8
  2978 | D:3      | Found a transporter.
  3115 | D:3      | Reached XP level 6. HP: 39/39 MP: 4/9
  3118 | D:3      | Reached skill level 4 in Transmutations
  3376 | D:3      | Found a transporter.
  3388 | D:3      | Identified the +9 spear of Certain Death {venom, Contam
                  | rPois Int+3 Dex+3}
  3388 | D:3      | Identified the +4 ring mail of Apathy {rPois rC- Int+3}
  3394 | D:3      | Noticed capka3m's ghost (amateur DsCK)
  3962 | D:4      | Reached * piety under the Shining One
  4364 | D:4      | Reached skill level 5 in Transmutations
  4535 | D:4      | Reached XP level 7. HP: 45/45 MP: 5/10
  4693 | D:5      | Entered Level 5 of the Dungeon
  5787 | D:6      | Reached XP level 8. HP: 36/54 MP: 7/11
  6037 | D:6      | Reached skill level 6 in Transmutations
  6044 | D:6      | Reached skill level 5 in Unarmed Combat
  6304 | D:6      | Reached ** piety under the Shining One
  6985 | D:6      | Reached XP level 9. HP: 60/60 MP: 9/12
  7067 | D:7      | Reached skill level 5 in Fighting
  7067 | D:7      | Reached skill level 5 in Dodging
  7287 | D:7      | Reached skill level 7 in Transmutations
  7455 | D:7      | Found a shimmering altar of Xom.
  7455 | D:7      | Found a burning altar of Makhleb.
  7463 | D:7      | Found a glowing silver altar of Zin.
  7465 | D:7      | Found a faded altar of an unknown god.
  7487 | D:7      | Found a faded altar of an unknown god.
  7569 | D:7      | Found a staircase to the Ecumenical Temple.
  7823 | D:7      | HP: 2/74 [orc warrior/+0 hand axe (7)]
  8127 | D:7      | Noticed Duvessa
  8127 | D:7      | Noticed Dowan
  8132 | D:7      | Killed Duvessa
  8136 | D:7      | Killed Dowan
  8232 | D:8      | Found a flagged portal.
  8287 | Bailey   | Entered a bailey
  8348 | Bailey   | Learned a level 5 spell: Irradiate
  8362 | Bailey   | Reached skill level 1 in Conjurations
  8464 | Bailey   | Reached XP level 10. HP: 56/68 MP: 9/13
  8465 | Bailey   | Noticed an orc knight
  8478 | Bailey   | Killed an orc knight
  8479 | Bailey   | Reached skill level 8 in Transmutations
  8762 | Bailey   | Noticed an orc warlord
  8823 | Bailey   | Slain by an orc warlord

Illustrated notes

Levels and vault maps discovered:
D:1:      lemuel_arrival_broad_hall, layout_loops_ring
D:2:      minmay_razor_zed, layout_basic, basic_altar,
          shapermc_ecumenical_altar_mp_highgroup, nrook_uturn
D:3:      layout_loops_ring, gammafunk_ghost_gnarly_gnolls,
          hangedman_decor_slide_cut, minmay_pentangle
D:4:      layout_gridville
D:5:      layout_basic
D:6:      layout_loops_ring, kennysheep_generic_room_8
D:7:      layout_basic, chequers_temple_overflow_minitemple,
          minmay_temple_entry_from_below_a, uniq_duvessa
D:8:      layout_cave_pools, lair_entry_dummy, serial_column_ruins,
          column_ruins_pillar_1, column_ruins_pillar_4, column_ruins_pillar_7,
          column_ruins_pillar_2, column_ruins_pillar_3, column_ruins_pillar_1,
          column_ruins_pillar_4, column_ruins_pillar_1, column_ruins_pillar_7,
          column_ruins_pillar_2, enter_bailey_5
Bailey:   bailey_axe_minmay_hex_keep, bailey

Skill      XL: |  1  2  3  4  5  6  7  8  9 10 |
---------------+-------------------------------+-----
Stealth        | 1 2 |  2.4
Ice Magic      | 1 3 |  3.0
Transmutations | 3 5 6 7 8 |  8.6
Fighting       | 2 3 4 6 |  6.1
Unarmed Combat | 4 5 6 |  6.8
Dodging        | 3 4 6 |  6.1
Conjurations   | 3 4 |  4.5
Spellcasting   | |  2.0

Action                   |  1- 3 |  4- 6 |  7- 9 | 10-12 || total
-------------------------+-------+-------+-------+-------++-------
Melee: Unarmed           |    71 |   133 |   254 |    64 ||   522
       Kick              |    29 |    27 |       |       ||    56
       Constrict         |    21 |    20 |     3 |       ||    44
       Tentacles         |    14 |    19 |     3 |       ||    36
       Punch             |     1 |     4 |     1 |       ||     6
 Cast: Beastly Appendage |    27 |    19 |       |       ||    46
       Ice Form          |       |    17 |    40 |     5 ||    62
       Irradiate         |       |       |       |     1 ||     1
Evoke: Wand              |       |     1 |       |     1 ||     2
  Use: Potion            |     1 |       |     2 |       ||     3
       Scroll            |       |       |     5 |     3 ||     8
 Stab: Sleeping          |     7 |     1 |       |       ||     8
Armor: Skin              |     4 |    16 |    34 |     6 ||    60
Dodge: Dodged            |    35 |    57 |   183 |    31 ||   306

Table legend: (Time is in decaauts)
 A = Elapsed time spent in this place.
 B = Non-inter-level travel time spent in this place.
 C = Inter-level travel time spent in this place.
 D = Time resting spent in this place.
 E = Time spent auto-exploring this place.
 F = Levels seen in this place.
 G = Mean time per level.
                   A        B        C        D        E       F      G
               +--------+--------+--------+--------+--------+-----+--------+
         Total |   8779 |   8570 |    209 |   1687 |   4781 |   9 |  975.4 |
       Dungeon |   8255 |   8046 |    209 |   1459 |   4781 |   8 | 1031.9 |
        Bailey |    524 |    524 |      0 |    228 |      0 |   1 |  524.0 |
               +--------+--------+--------+--------+--------+-----+--------+

Top non-repeatable levels by time:
     D:3: 1578 daAuts
     D:6: 1186 daAuts
     D:5: 1160 daAuts
     D:7: 1139 daAuts
     D:1: 1111 daAuts
     D:2: 1027 daAuts
     D:4: 964 daAuts
  Bailey: 524 daAuts
     D:8: 85 daAuts
